 Dungeon Crawl Stone Soup version 0.20.1-1-g8b1a95d (webtiles) character file.

65 bartek7090 the Gusty (level 3, -1/28 HPs)
             Began as a Draconian Air Elementalist on Oct 22, 2017.
             Killed from afar by Sigmund (4 damage)
             ... with a magic dart
             ... on level 2 of the Dungeon.
             The game lasted 00:03:05 (1509 turns).

bartek7090 the Gusty (Draconian Air Elementalist)   Turns: 1509, Time: 00:03:06

Health: -1/28      AC:  5    Str: 10    XL:     3   Next: 92%
Magic:  5/7        EV: 12    Int: 16    God:
Gold:   46         SH:  0    Dex: 11    Spells: 7/8 levels left

rFire    . . .     SeeInvis .   g - +2 dagger (elec)
rCold    . . .     Gourm    .   (no shield)
rNeg     . . .     Faith    .   (armour unavailable)
rPois    .         Spirit   .   (helmet restricted)
rElec    .         Reflect  .   (no cloak)
rCorr    .         Harm     .   (no gloves)
MR       .....                  (no boots)
Stlth    ++........             (no amulet)
Regen    0.1/turn               (no ring)
MPRegen  0.1/turn               (no ring)

@: very slightly contaminated
A: unfitting armour, cold-blooded, AC +5
a: no special abilities


You were on level 2 of the Dungeon.
You were not hungry.

You visited 1 branch of the dungeon, and saw 2 of its levels.

You collected 46 gold pieces.

Inventory:

Hand Weapons
 c - a +0 club
 e - a +0 whip
 g - a +2 dagger of electrocution (weapon)
Scrolls
 d - 2 scrolls of remove curse {unknown}
 f - a scroll of immolation {unknown}
 h - a scroll of enchant armour {unknown}
 i - a scroll of identify {unknown}
 j - a scroll of blinking {unknown}
 k - a scroll of random uselessness {unknown}
Books
 a - a book of Air

   Spells                             Type                      Level
   a - Shock                          Conjuration/Air              1
   b - Swiftness                      Charms/Air                   2
   c - Static Discharge               Conjuration/Air              3
   d - Airstrike                      Air                          4
   e - Lightning Bolt                 Conjuration/Air              5
Comestibles
 b - a bread ration


   Skills:
 + Level 1.2 Fighting
 - Level 1.7 Dodging
 - Level 1.7 Stealth
 * Level 3.0 Spellcasting
 - Level 1.0 Conjurations
 * Level 3.8 Air Magic


You had 7 spell levels left.
You knew the following spells:

 Your Spells              Type           Power        Failure   Level  Hunger
a - Shock                 Conj/Air       ##..         7%          1    #......


Dungeon Overview and Level Annotations

Branches:
Dungeon (2/15)

Altars:

Annotations:
D:2 Sigmund


Innate Abilities, Weirdness & Mutations

Your plain brown scales are hard. (AC +5)
You cannot fit into any form of body armour.
You are cold-blooded and may be slowed by cold attacks.


Message History

Press: ? - help, Shift-Dir - straight line You miscast Shock.
You are very lightly contaminated with residual magic.
Nothing appears to happen.
A puff of flame appears from out of thin air!
The puff of flame misses you.
Casting: Shock
Confirm with . or Enter, or press ? or * to list all spells.
You can't see any susceptible monsters within range! (Use Z to cast anyway.)
Casting: Shock
Confirm with . or Enter, or press ? or * to list all spells.
Aiming: Shock
Press: ? - help, Shift-Dir - straight line The zap hits something.
A magic dart appears from out of thin air!
The magic dart hits you!
* * * LOW HITPOINT WARNING * * *
A magic dart appears from out of thin air!
The magic dart hits you!
You die...

... ... ....
....#
####...#
##.....# #
###.....#
####
.###....#
##.<##
.)....#..#
#.@..#
.####.#.####
#.##.#
...........#
##.##.#
..###.##...#
#..##.## .#
#..#)..#
#.###..# #
##.#...###.#
##.# #
#.....{...#
#.####
##..##.####
#..<.#####
######...#..#
##.......#


There were no monsters in sight!

Vanquished Creatures
  Robin (D:2)
  An ooze (D:2)
  A worm (D:2)
  A ball python (D:1)
  A giant cockroach (D:1)
  17 goblins
  7 hobgoblins
  3 bats
  3 frilled lizards
  5 kobolds
  2 rats (D:1)
42 creatures vanquished.

Notes
Turn   | Place    | Note
-------+----------+-------------------------------------------
     0 | D:1      | bartek7090 the Draconian Air Elementalist began the quest for the Orb.
     0 | D:1      | Reached XP level 1. HP: 14/14 MP: 3/3
   563 | D:1      | Reached XP level 2. HP: 19/20 MP: 3/5
  1220 | D:2      | Reached XP level 3. HP: 27/27 MP: 0/7
  1236 | D:2      | Noticed Robin
  1263 | D:2      | Killed Robin
  1263 | D:2      | Reached skill level 1 in Fighting
  1482 | D:2      | Noticed Sigmund
  1509 | D:2      | Killed from afar by Sigmund

Skill      XL: |  1  2  3 |
---------------+----------+-----
Fighting       | 1 |  1.2
Spellcasting   | 3 |  3.0
Dodging        | |  1.7
Stealth        | |  1.7
Conjurations   | |  1.0
Air Magic      | |  3.8

Action                   || total
-------------------------++-------
Melee: Unarmed           ||     9
       Whip              ||    70
       Club              ||     3
       Tailslap          ||     7
       Dagger            ||     7
 Cast: Shock             ||    26
  Use: Potion            ||     3
 Stab: Sleeping          ||     1
  Eat: Chunk             ||     2
Armor: Skin              ||    33
Dodge: Dodged            ||    79
